WCHLSIM.com - West Coast Hockey League
html PUBLIC "-//W3C//DTD XHTML 1.0 Transitional//EN" "http://www.w3.org/TR/xhtml1/DTD/xhtml1-transitional.dtd"> WCHL - Game 314 - OAKLAND GORILLAS vs SAN JOSE BRONCOS

OAKLAND GORILLAS vs SAN JOSE BRONCOS

Created - 25 novembre 2022 at 00:33

Goals
1 2 3 T
OAKLAND GORILLAS 1 0 1 2
SAN JOSE BRONCOS 0 3 1 4
Shots
1 2 3 T
OAKLAND GORILLAS 14 5 11 30
SAN JOSE BRONCOS 6 4 5 15

1st period

1. OAKLAND GORILLAS , Jesse Puljujarvi 6 (Joel Farabee 7) at 14:38

Penalties :
Boone Jenner (OAK) for Hooking (Minor) at 18:38

2nd period

2. SAN JOSE BRONCOS , Ivan Barbashev 5 (Elias Lindholm 8, Cole Caufield 4) at 3:48
3. SAN JOSE BRONCOS , Ivan Barbashev 6 (Elias Lindholm 9) at 7:54
4. SAN JOSE BRONCOS , Elias Lindholm 11 (Ivan Barbashev 8, Cole Caufield 5) at 8:38

Penalties :
Zachary Werenski (OAK) for Holding (Minor) at 14:04

3rd period

5. OAKLAND GORILLAS , Brock Boeser 6 (Joel Farabee 8, Paul Stastny 4) at 7:53 (PP)
6. SAN JOSE BRONCOS , Brayden Point 11 (Jesper Bratt 13, Adam Pelech 6) at 11:18

Penalties :
Joel Farabee (OAK) for Tripping (Minor) at 1:03, Jacob Middleton (SJO) for High sticking (Double Minor) at 4:14, Jesper Bratt (SJO) for Kneeing (Minor) at 16:11

Goalie Stats

Alexandar Georgiev (OAK), 11 saves from 15 shots - (0,733), L, 3-1-1, 60:00 minutes
Jacob Markstrom (SJO), 28 saves from 30 shots - (0,933), W, 8-7-0, 60:00 minutes

Players Stats for OAKLAND GORILLAS

Player Name              G  A  P  +/- PIM S  H  SB GA TA FO     MP     PP MP  PK MP  
------------------------------------------------------------------------------------
Boone Jenner             0  0  0   0  2   3  0  0  0  0  6/9    12:34   3:07   0:00 
Brock Boeser             1  0  1  -2  0   8  0  0  0  0  0/2    15:04   2:31   0:00 
Calle Jarnkrok           0  0  0  -1  0   1  0  0  0  0  0/0    15:25   0:00   2:26 
Cameron York             0  0  0   0  0   0  0  1  0  0  0/0    18:58   2:26   0:19 
Conor Garland            0  0  0  -2  0   0  3  0  0  0  1/2    15:40   3:07   0:00 
David Kampf              0  0  0  -1  0   2  1  0  0  0  2/4    16:30   0:00   3:31 
Hampus Lindholm          0  0  0   0  0   2  1  0  0  0  0/0    22:06   3:12   3:06 
Jesse Puljujarvi         1  0  1   0  0   2  3  0  0  0  0/1    16:56   0:00   3:31 
Joel Farabee             0  2  2   0  2   2  1  0  0  0  1/3    17:24   2:31   1:29 
Jonas Siegenthaler       0  0  0   0  0   0  6  1  0  0  0/0    17:43   0:00   2:51 
Martin Fehervary         0  0  0   0  0   1  3  1  0  0  0/0    16:57   0:00   0:44 
Mason Appleton           0  0  0   0  0   0  1  0  0  0  0/0     9:28   0:00   0:00 
Nico Hischier            0  0  0  -2  0   2  0  0  0  0  8/17   16:37   3:07   0:57 
Nico Sturm               0  0  0   0  0   0  0  0  0  0  0/1     9:28   0:00   0:00 
Paul Stastny             0  1  1   0  0   0  0  0  0  0  13/21  15:56   2:31   0:00 
Travis Boyd              0  0  0  -1  0   5  0  0  0  0  9/20   12:59   0:00   0:00 
Tyler Myers              0  0  0  -3  0   0  1  2  0  0  0/0    21:56   2:26   3:06 
Zachary Werenski         0  0  0  -3  2   2  1  0  0  0  0/0    22:19   3:12   1:48 

Players Stats for SAN JOSE BRONCOS

Player Name              G  A  P  +/- PIM S  H  SB GA TA FO     MP     PP MP  PK MP  
------------------------------------------------------------------------------------
Adam Pelech              0  1  1   0  0   0  0  1  0  0  0/0    21:48   3:18   3:11 
Brayden Point            1  0  1   1  0   1  0  0  0  0  9/19   22:04   3:10   3:35 
Cole Caufield            0  2  2   3  0   1  0  0  0  0  1/1    16:00   0:00   0:00 
Elias Lindholm           1  2  3   3  0   4  0  0  0  0  14/20  18:47   2:47   0:00 
Ivan Barbashev           2  1  3   3  0   3  2  0  0  0  2/4    18:47   2:47   0:00 
Jaccob Slavin            0  0  0   0  0   1  1  3  0  0  0/0    27:12   3:18   2:21 
Jacob Middleton          0  0  0   3  4   0  3  1  0  0  0/0    18:52   2:39   1:12 
Jake Bean                0  0  0   0  0   0  1  0  0  0  0/0    16:46   0:00   1:27 
Jake Evans               0  0  0   0  0   0  0  0  0  0  1/1     9:05   0:00   2:03 
Jan Rutta                0  0  0   3  0   0  2  0  0  0  0/0    14:38   0:00   3:05 
Jesper Bratt             0  1  1   1  2   0  0  0  0  0  0/0    18:28   3:10   0:00 
Jordan Martinook         0  0  0  -1  0   1  0  0  0  0  0/0    13:14   3:10   0:00 
Max Domi                 0  0  0  -1  0   0  0  0  0  0  5/14   10:04   0:00   0:00 
Neal Pionk               0  0  0   0  0   0  2  0  0  0  0/0    20:43   2:39   0:00 
Oliver Bjorkstrand       0  0  0   1  0   3  2  0  0  0  1/9    21:41   2:47   3:35 
Patrick Maroon           0  0  0   0  0   0  1  0  0  0  0/0     7:02   0:00   0:00 
Pierre-Edouard Bellemare 0  0  0   0  0   1  0  0  0  0  7/12    9:05   0:00   2:03 
Zach Parise              0  0  0  -1  0   0  0  0  0  0  0/0    10:04   0:00   0:00 

3 Stars

1 - Ivan Barbashev (SJO)
2 - Elias Lindholm (SJO)
3 - Cole Caufield (SJO)

Power Play

OAKLAND GORILLAS - 1 on 3 Attempt(s) - 33,33%
SAN JOSE BRONCOS - 0 on 3 Attempt(s) - 0,00%

Penalty Kill

OAKLAND GORILLAS - 3 on 3 Attempt(s) - 100,00% - Score 0 goal in Penalty Kill
SAN JOSE BRONCOS - 2 on 3 Attempt(s) - 66,67% - Score 0 goal in Penalty Kill

Team Stat

OAKLAND GORILLAS - Hits : 21 - Faceoff Wins : 40 - Blocked Shots : 5 - Penalty Minutes : 6
SAN JOSE BRONCOS - Hits : 14 - Faceoff Wins : 40 - Blocked Shots : 5 - Penalty Minutes : 6

Official

Referees : Brian Pochmara and Mitch Dunning
Linesman : Ryan Daisy and Pierre Racicot

Game Notes

No Game Note

Finance

Level 1 -- Attendance: 5767 (76,89%) -- Ticket Income 1 095 730 $
Level 2 -- Attendance: 4777 (79,62%) -- Ticket Income 621 010 $
Level 3 -- Attendance: 1972 (43,82%) -- Ticket Income 207 060 $
Level 4 -- Attendance: 4091 (68,18%) -- Ticket Income 327 280 $
Luxury Box -- Attendance: 1000 (100,00%) -- Ticket Income 325 000 $
Total Attendance: 17607 (70,43%)
Total Ticket Income: 2 576 080 $
Other Expense: 25 761 $
Total Income: 2 550 319 $

OAKLAND GORILLAS

5 vs 5 Forward 
   Center                   Left Wing                Right Wing               Time % Phy DF OF 
 1 Nico Hischier            Conor Garland            Brock Boeser             27     1   2  2  
 2 Paul Stastny             Joel Farabee             Jesse Puljujarvi         27     1   2  2  
 3 Travis Boyd              David Kampf              Calle Jarnkrok           26     1   2  2  
 4 Boone Jenner             Nico Sturm               Mason Appleton           20     1   2  2  

5 vs 5 Defense 
   Defense                  Defense                                           Time % Phy DF OF 
 1 Zachary Werenski         Tyler Myers                                       34     1   2  2  
 2 Hampus Lindholm          Jonas Siegenthaler                                33     1   2  2  
 3 Cameron York             Martin Fehervary                                  33     1   2  2  
 4 Hampus Lindholm          Zachary Werenski                                  0      1   2  2  

PowerPlay Forward 
   Center                   Left Wing                Right Wing               Time % Phy DF OF 
 1 Nico Hischier            Boone Jenner             Conor Garland            50     1   2  2  
 2 Paul Stastny             Joel Farabee             Brock Boeser             50     1   2  2  

PowerPlay Defense
   Defense                  Defense                                           Time % Phy DF OF 
 1 Zachary Werenski         Hampus Lindholm                                   55     1   2  2  
 2 Cameron York             Tyler Myers                                       45     1   2  2  

Penalty Kill 4 Players Forward 
   Center                   Wing                     Time % Phy DF OF 
 1 David Kampf              Jesse Puljujarvi         55     1   2  2  
 2 Calle Jarnkrok           Joel Farabee             45     1   2  2  

Penalty Kill 4 Players Defense
   Defense                  Defense                  Time % Phy DF OF 
 1 Hampus Lindholm          Tyler Myers              51     1   2  2  
 2 Zachary Werenski         Jonas Siegenthaler       49     1   2  2  

Penalty Kill - 3 Players Forward 
   Forward                                           Time % Phy DF OF 
 1 Nico Hischier                                     55     1   2  2  
 2 Paul Stastny                                      45     1   2  2  

Penalty Kill - 3 Players Defense
   Defense                  Defense                  Time % Phy DF OF 
 1 Hampus Lindholm          Tyler Myers              50     1   2  2  
 2 Jonas Siegenthaler       Zachary Werenski         50     1   2  2  

4 vs 4 Forward 
   Center                   Wing                     Time % Phy DF OF 
 1 Nico Hischier            Brock Boeser             55     1   2  2  
 2 Paul Stastny             Conor Garland            45     1   2  2  

4 vs 4 Defense
   Defense                  Defense                  Time % Phy DF OF 
 1 Zachary Werenski         Tyler Myers              55     1   2  2  
 2 Hampus Lindholm          Martin Fehervary         45     1   2  2  

Last Minutes Offensive
   Center                   Left Wing                Right Wing               Defense                  Defense                  
   Nico Hischier            Paul Stastny             Brock Boeser             Zachary Werenski         Hampus Lindholm          

Last Minutes Defensive
   Center                   Left Wing                Right Wing               Defense                  Defense                  
   Nico Hischier            Boone Jenner             Paul Stastny             Hampus Lindholm          Tyler Myers              

Goaltenders
Starting : Alexandar Georgiev       
Backup : James Reimer             

Extra Forwards
Normal : Nico Hischier, Conor Garland, Brock Boeser - PP : Calle Jarnkrok, Joel Farabee - PK : Nico Hischier
Extra Defensemen
Normal : Zachary Werenski, Hampus Lindholm, Tyler Myers - PP : Jonas Siegenthaler - PK : Martin Fehervary, Cameron York
Penalty Shots
Brock Boeser, Nico Hischier, Conor Garland, Paul Stastny, Jesse Puljujarvi
Custom OT Lines Forwards
Nico Hischier, Boone Jenner, Conor Garland, Brock Boeser, Paul Stastny, Jesse Puljujarvi, Calle Jarnkrok, Joel Farabee, David Kampf, Mason Appleton
Custom OT Lines Defensemen
Zachary Werenski, Tyler Myers, Hampus Lindholm, Martin Fehervary, Jonas Siegenthaler

Scratches
Patrik Laine (Dislocated Patella Injury)

SAN JOSE BRONCOS

5 vs 5 Forward 
   Center                   Left Wing                Right Wing               Time % Phy DF OF 
 1 Brayden Point            Jesper Bratt             Oliver Bjorkstrand       36     1   2  2  
 2 Elias Lindholm           Ivan Barbashev           Cole Caufield            31     1   2  2  
 3 Max Domi                 Jordan Martinook         Zach Parise              23     1   2  2  
 4 Pierre-Edouard Bellemare Patrick Maroon           Jake Evans               10     1   2  2  

5 vs 5 Defense 
   Defense                  Defense                                           Time % Phy DF OF 
 1 Jaccob Slavin            Neal Pionk                                        36     1   2  2  
 2 Adam Pelech              Jake Bean                                         31     1   2  2  
 3 Jacob Middleton          Jan Rutta                                         23     1   2  2  
 4 Jaccob Slavin            Jacob Middleton                                   10     1   2  2  

PowerPlay Forward 
   Center                   Left Wing                Right Wing               Time % Phy DF OF 
 1 Brayden Point            Jesper Bratt             Jordan Martinook         55     1   2  2  
 2 Elias Lindholm           Oliver Bjorkstrand       Ivan Barbashev           45     1   2  2  

PowerPlay Defense
   Defense                  Defense                                           Time % Phy DF OF 
 1 Jaccob Slavin            Adam Pelech                                       55     1   2  2  
 2 Jacob Middleton          Neal Pionk                                        45     1   2  2  

Penalty Kill 4 Players Forward 
   Center                   Wing                     Time % Phy DF OF 
 1 Oliver Bjorkstrand       Brayden Point            55     1   2  2  
 2 Pierre-Edouard Bellemare Jake Evans               45     1   2  2  

Penalty Kill 4 Players Defense
   Defense                  Defense                  Time % Phy DF OF 
 1 Jaccob Slavin            Adam Pelech              50     1   2  2  
 2 Jacob Middleton          Jan Rutta                50     1   2  2  

Penalty Kill - 3 Players Forward 
   Forward                                           Time % Phy DF OF 
 1 Brayden Point                                     55     1   2  2  
 2 Pierre-Edouard Bellemare                          45     1   2  2  

Penalty Kill - 3 Players Defense
   Defense                  Defense                  Time % Phy DF OF 
 1 Jaccob Slavin            Adam Pelech              50     1   2  2  
 2 Jacob Middleton          Jan Rutta                50     1   2  2  

4 vs 4 Forward 
   Center                   Wing                     Time % Phy DF OF 
 1 Jordan Martinook         Oliver Bjorkstrand       55     1   2  2  
 2 Pierre-Edouard Bellemare Brayden Point            45     1   2  2  

4 vs 4 Defense
   Defense                  Defense                  Time % Phy DF OF 
 1 Jaccob Slavin            Jacob Middleton          55     1   2  2  
 2 Jan Rutta                Adam Pelech              45     1   2  2  

Last Minutes Offensive
   Center                   Left Wing                Right Wing               Defense                  Defense                  
   Brayden Point            Jesper Bratt             Jordan Martinook         Jaccob Slavin            Adam Pelech              

Last Minutes Defensive
   Center                   Left Wing                Right Wing               Defense                  Defense                  
   Brayden Point            Jesper Bratt             Jordan Martinook         Jaccob Slavin            Adam Pelech              

Goaltenders
Starting : Jacob Markstrom          
Backup : Petr Mrazek              

Extra Forwards
Normal : Pierre-Edouard Bellemare, Oliver Bjorkstrand, Brayden Point - PP : Pierre-Edouard Bellemare, Brayden Point - PK : Brayden Point
Extra Defensemen
Normal : Jaccob Slavin, Jacob Middleton, Adam Pelech - PP : Jaccob Slavin - PK : Adam Pelech, Jaccob Slavin
Penalty Shots
Pierre-Edouard Bellemare, Brayden Point, Jordan Martinook, Cole Caufield, Oliver Bjorkstrand
Custom OT Lines Forwards
Pierre-Edouard Bellemare, Jordan Martinook, Oliver Bjorkstrand, Brayden Point, Jesper Bratt, Max Domi, Cole Caufield, Jake Evans, Zach Parise, Ivan Barbashev
Custom OT Lines Defensemen
Jaccob Slavin, Jacob Middleton, Adam Pelech, Jan Rutta, Neal Pionk

Scratches
Oliver Wahlstrom (Healthy)

% Time on Ice - OAKLAND GORILLAS

Lines # - Real PCT - Wanted PCT - Time Play
Normal Forward
1 - 26% - 27% - 12:33
2 - 28% - 27% - 13:25
3 - 27% - 26% - 12:59
4 - 20% - 20% - 9:28
Normal Defense
1 - 34% - 34% - 16:24
2 - 31% - 33% - 14:52
3 - 33% - 33% - 16:13
4 - 2% - 0% - 0:56
PP Forward
1 - 55% - 50% - 3:07
2 - 45% - 50% - 2:31
PP Defense
1 - 57% - 55% - 3:12
2 - 43% - 45% - 2:26
PK Forward
1 - 59% - 55% - 3:31
2 - 41% - 45% - 2:26
PK Defense
1 - 52% - 51% - 3:06
2 - 48% - 49% - 2:51
PK3 Forward
1 - 0% - 55%
2 - 0% - 45%
PK3 Defense
1 - 0% - 50%
2 - 0% - 50%
44 Forward
1 - 0% - 55%
2 - 0% - 45%
44 Defense
1 - 0% - 55%
2 - 0% - 45%
Last Minute Offensive  - 0:00
Last Minute Defensive  - 0:00
Total
Forward - 60:00
Defense - 60:00

% Time on Ice - SAN JOSE BRONCOS

Lines # - Real PCT - Wanted PCT - Time Play
Normal Forward
1 - 32% - 36% - 15:19
2 - 33% - 31% - 16:00
3 - 21% - 23% - 10:04
4 - 15% - 10% - 7:02
Normal Defense
1 - 37% - 36% - 18:04
2 - 32% - 31% - 15:19
3 - 23% - 23% - 11:09
4 - 8% - 10% - 3:53
PP Forward
1 - 53% - 55% - 3:10
2 - 47% - 45% - 2:47
PP Defense
1 - 55% - 55% - 3:18
2 - 45% - 45% - 2:39
PK Forward
1 - 64% - 55% - 3:35
2 - 36% - 45% - 2:03
PK Defense
1 - 32% - 50% - 1:47
2 - 68% - 50% - 3:51
PK3 Forward
1 - 0% - 55%
2 - 0% - 45%
PK3 Defense
1 - 0% - 50%
2 - 0% - 50%
44 Forward
1 - 0% - 55%
2 - 0% - 45%
44 Defense
1 - 0% - 55%
2 - 0% - 45%
Last Minute Offensive  - 0:00
Last Minute Defensive  - 0:00
Total
Forward - 60:00
Defense - 60:00

Play-by-Play

1st period


0:01 of 1st period - Nico Hischier wins face-off versus Brayden Point in neutral zone.
0:06 of 1st period - Icing by Jesper Bratt.
0:07 of 1st period - Brayden Point wins face-off versus Paul Stastny in SAN JOSE BRONCOS zone.
0:07 of 1st period - Brayden Point is hit by Jesse Puljujarvi.
1:26 of 1st period - Icing by Calle Jarnkrok.
1:27 of 1st period - Ivan Barbashev wins face-off versus Travis Boyd in OAKLAND GORILLAS zone.
1:40 of 1st period - Martin Fehervary is hit by Ivan Barbashev and loses puck.
2:26 of 1st period - Icing by Jordan Martinook.
2:27 of 1st period - Nico Hischier wins face-off versus Max Domi in SAN JOSE BRONCOS zone.
2:30 of 1st period - Shot by Nico Hischier.
2:30 of 1st period - Shot Blocked by Jacob Middleton.
2:44 of 1st period - Shot by Jordan Martinook.
2:44 of 1st period - Stopped by Alexandar Georgiev without a rebound.
2:45 of 1st period - Pierre-Edouard Bellemare wins face-off versus Boone Jenner in OAKLAND GORILLAS zone.
3:06 of 1st period - Shot by Patrick Maroon.
3:06 of 1st period - Shot Misses the Net.
3:12 of 1st period - Shot by Pierre-Edouard Bellemare.
3:12 of 1st period - Stopped by Alexandar Georgiev with a rebound.
4:06 of 1st period - Shot by Brock Boeser.
4:06 of 1st period - Stopped by Jacob Markstrom without a rebound.
4:07 of 1st period - Paul Stastny wins face-off versus Ivan Barbashev in SAN JOSE BRONCOS zone.
4:18 of 1st period - Elias Lindholm is hit by Jesse Puljujarvi and loses puck.
4:32 of 1st period - Jesse Puljujarvi is hit by Neal Pionk and loses puck.
4:56 of 1st period - Icing by Neal Pionk.
4:57 of 1st period - Elias Lindholm wins face-off versus Conor Garland in SAN JOSE BRONCOS zone.
5:42 of 1st period - Shot by Brock Boeser.
5:42 of 1st period - Stopped by Jacob Markstrom without a rebound.
5:43 of 1st period - Boone Jenner wins face-off versus Max Domi in SAN JOSE BRONCOS zone.
5:57 of 1st period - Jordan Martinook is hit by Jonas Siegenthaler and loses puck.
6:11 of 1st period - Max Domi is hit by Jonas Siegenthaler.
6:14 of 1st period - Zach Parise is hit by Jonas Siegenthaler and loses puck.
6:17 of 1st period - Shot by Adam Pelech.
6:17 of 1st period - Shot Misses the Net.
6:19 of 1st period - Shot by Adam Pelech.
6:19 of 1st period - Shot Misses the Net.
6:21 of 1st period - Shot by Max Domi.
6:21 of 1st period - Shot Blocked by Jonas Siegenthaler.
6:36 of 1st period - Cole Caufield is hit by Hampus Lindholm and loses puck.
6:58 of 1st period - Cole Caufield is hit by Jonas Siegenthaler and loses puck.
7:04 of 1st period - Ivan Barbashev is hit by Jonas Siegenthaler and loses puck.
7:07 of 1st period - Shot by Ivan Barbashev.
7:07 of 1st period - Shot Misses the Net.
7:09 of 1st period - Shot by Elias Lindholm.
7:09 of 1st period - Stopped by Alexandar Georgiev without a rebound.
7:10 of 1st period - Brayden Point wins face-off versus Travis Boyd in OAKLAND GORILLAS zone.
7:19 of 1st period - Shot by Oliver Bjorkstrand.
7:19 of 1st period - Stopped by Alexandar Georgiev without a rebound.
7:20 of 1st period - Brayden Point wins face-off versus Paul Stastny in OAKLAND GORILLAS zone.
7:53 of 1st period - Shot by Oliver Bjorkstrand.
7:53 of 1st period - Stopped by Alexandar Georgiev with a rebound.
8:05 of 1st period - Shot by Joel Farabee.
8:05 of 1st period - Stopped by Jacob Markstrom without a rebound.
8:06 of 1st period - Travis Boyd wins face-off versus Pierre-Edouard Bellemare in SAN JOSE BRONCOS zone.
8:29 of 1st period - Shot by Travis Boyd.
8:29 of 1st period - Stopped by Jacob Markstrom without a rebound.
8:30 of 1st period - Max Domi wins face-off versus Nico Hischier in SAN JOSE BRONCOS zone.
8:30 of 1st period - Max Domi is hit by Conor Garland.
8:40 of 1st period - Shot by Brock Boeser.
8:40 of 1st period - Shot Misses the Net.
8:42 of 1st period - Shot by Zachary Werenski.
8:42 of 1st period - Stopped by Jacob Markstrom without a rebound.
8:43 of 1st period - Travis Boyd wins face-off versus Brayden Point in SAN JOSE BRONCOS zone.
8:50 of 1st period - Shot by Travis Boyd.
8:50 of 1st period - Stopped by Jacob Markstrom without a rebound.
8:51 of 1st period - Elias Lindholm wins face-off versus Nico Hischier in SAN JOSE BRONCOS zone.
8:57 of 1st period - Elias Lindholm is hit by Zachary Werenski and loses puck.
9:18 of 1st period - Shot by Elias Lindholm.
9:18 of 1st period - Shot Hit the Post.
9:20 of 1st period - Shot by Elias Lindholm.
9:20 of 1st period - Stopped by Alexandar Georgiev with a rebound.
10:04 of 1st period - Shot by Oliver Bjorkstrand.
10:04 of 1st period - Shot Hit the Post.
10:17 of 1st period - Icing by Jesper Bratt.
10:18 of 1st period - Travis Boyd wins face-off versus Brayden Point in SAN JOSE BRONCOS zone.
10:18 of 1st period - Calle Jarnkrok is hit by Jake Bean and loses puck.
10:21 of 1st period - Shot by David Kampf.
10:21 of 1st period - Shot Misses the Net.
10:23 of 1st period - Shot by Martin Fehervary.
10:23 of 1st period - Stopped by Jacob Markstrom without a rebound.
10:24 of 1st period - Paul Stastny wins face-off versus Max Domi in SAN JOSE BRONCOS zone.
10:30 of 1st period - Icing by Neal Pionk.
10:31 of 1st period - Travis Boyd wins face-off versus Max Domi in SAN JOSE BRONCOS zone.
11:04 of 1st period - Icing by Jaccob Slavin.
11:05 of 1st period - Paul Stastny wins face-off versus Max Domi in SAN JOSE BRONCOS zone.
13:15 of 1st period - Icing by Martin Fehervary.
13:16 of 1st period - Elias Lindholm wins face-off versus Travis Boyd in OAKLAND GORILLAS zone.
13:31 of 1st period - Shot by David Kampf.
13:31 of 1st period - Stopped by Jacob Markstrom without a rebound.
13:32 of 1st period - Nico Hischier wins face-off versus Pierre-Edouard Bellemare in SAN JOSE BRONCOS zone.
13:41 of 1st period - Shot by Conor Garland.
13:41 of 1st period - Deflect By Brock Boeser.
13:41 of 1st period - Shot Misses the Net.
13:46 of 1st period - Icing by Adam Pelech.
13:47 of 1st period - Paul Stastny wins face-off versus Pierre-Edouard Bellemare in SAN JOSE BRONCOS zone.
13:51 of 1st period - Icing by Adam Pelech.
13:52 of 1st period - Pierre-Edouard Bellemare wins face-off versus Paul Stastny in SAN JOSE BRONCOS zone.
13:58 of 1st period - Off-side.
13:59 of 1st period - Elias Lindholm wins face-off versus Nico Hischier in neutral zone.
14:36 of 1st period - Shot by Brock Boeser.
14:36 of 1st period - Stopped by Jacob Markstrom without a rebound.
14:37 of 1st period - Joel Farabee wins face-off versus Max Domi in SAN JOSE BRONCOS zone.
14:38 of 1st period - Shot by Jesse Puljujarvi.
14:38 of 1st period - Goal by Jesse Puljujarvi - OAKLAND GORILLAS : 1 - SAN JOSE BRONCOS : 0.
14:39 of 1st period - Max Domi wins face-off versus Paul Stastny in neutral zone.
15:35 of 1st period - Shot by David Kampf.
15:35 of 1st period - Shot Misses the Net.
15:47 of 1st period - Shot by David Kampf.
15:47 of 1st period - Stopped by Jacob Markstrom without a rebound.
15:48 of 1st period - Elias Lindholm wins face-off versus Brock Boeser in SAN JOSE BRONCOS zone.
16:11 of 1st period - Icing by Brock Boeser.
16:12 of 1st period - Nico Hischier wins face-off versus Brayden Point in OAKLAND GORILLAS zone.
16:43 of 1st period - Shot by Brock Boeser.
16:43 of 1st period - Stopped by Jacob Markstrom without a rebound.
16:44 of 1st period - Travis Boyd wins face-off versus Elias Lindholm in SAN JOSE BRONCOS zone.
17:05 of 1st period - Icing by Elias Lindholm.
17:06 of 1st period - Boone Jenner wins face-off versus Ivan Barbashev in SAN JOSE BRONCOS zone.
17:15 of 1st period - Shot by Boone Jenner.
17:15 of 1st period - Stopped by Jacob Markstrom without a rebound.
17:16 of 1st period - Brayden Point wins face-off versus Travis Boyd in SAN JOSE BRONCOS zone.
17:59 of 1st period - Tyler Myers is hit by Oliver Bjorkstrand and loses puck.
18:25 of 1st period - Icing by Jesper Bratt.
18:26 of 1st period - Paul Stastny wins face-off versus Brayden Point in SAN JOSE BRONCOS zone.
18:29 of 1st period - Shot by Joel Farabee.
18:29 of 1st period - Stopped by Jacob Markstrom without a rebound.
18:30 of 1st period - Boone Jenner wins face-off versus Elias Lindholm in SAN JOSE BRONCOS zone.
18:35 of 1st period - Shot by Boone Jenner.
18:35 of 1st period - Shot Blocked by Jaccob Slavin.
18:38 of 1st period - Minor Penalty to Boone Jenner for Hooking.
18:39 of 1st period - Elias Lindholm wins face-off versus David Kampf in OAKLAND GORILLAS zone.
19:17 of 1st period - Elias Lindholm is hit by Jonas Siegenthaler and loses puck.
Goals for this period are 1 for OAKLAND GORILLAS vs 0 for SAN JOSE BRONCOS.
Shots for this period are 14 for OAKLAND GORILLAS vs 6 for SAN JOSE BRONCOS.

2nd period


0:01 of 2nd period - David Kampf wins face-off versus Brayden Point in neutral zone.
1:13 of 2nd period - Icing by Martin Fehervary.
1:14 of 2nd period - Pierre-Edouard Bellemare wins face-off versus Boone Jenner in OAKLAND GORILLAS zone.
1:23 of 2nd period - Shot by Jake Evans.
1:23 of 2nd period - Shot Hit the Post.
1:25 of 2nd period - Shot by Pierre-Edouard Bellemare.
1:25 of 2nd period - Shot Blocked by Martin Fehervary.
1:27 of 2nd period - Shot by Jaccob Slavin.
1:27 of 2nd period - Stopped by Alexandar Georgiev without a rebound.
1:28 of 2nd period - Brayden Point wins face-off versus Paul Stastny in OAKLAND GORILLAS zone.
1:31 of 2nd period - Shot by Jesper Bratt.
1:31 of 2nd period - Shot Misses the Net.
2:31 of 2nd period - Shot by Zach Parise.
2:31 of 2nd period - Shot Misses the Net.
3:48 of 2nd period - Shot by Ivan Barbashev.
3:48 of 2nd period - Goal by Ivan Barbashev - OAKLAND GORILLAS : 1 - SAN JOSE BRONCOS : 1.
3:49 of 2nd period - Pierre-Edouard Bellemare wins face-off versus Travis Boyd in neutral zone.
4:39 of 2nd period - Cameron York is hit by Oliver Bjorkstrand and loses puck.
4:53 of 2nd period - Icing by Martin Fehervary.
4:54 of 2nd period - Travis Boyd wins face-off versus Elias Lindholm in OAKLAND GORILLAS zone.
5:11 of 2nd period - Shot by Joel Farabee.
5:11 of 2nd period - Shot Misses the Net.
5:41 of 2nd period - Icing by Jan Rutta.
5:42 of 2nd period - Boone Jenner wins face-off versus Elias Lindholm in SAN JOSE BRONCOS zone.
6:37 of 2nd period - Icing by Jaccob Slavin.
6:38 of 2nd period - Max Domi wins face-off versus Nico Hischier in SAN JOSE BRONCOS zone.
7:54 of 2nd period - Shot by Ivan Barbashev.
7:54 of 2nd period - Goal by Ivan Barbashev - OAKLAND GORILLAS : 1 - SAN JOSE BRONCOS : 2.
7:55 of 2nd period - Pierre-Edouard Bellemare wins face-off versus Paul Stastny in neutral zone.
8:20 of 2nd period - Neal Pionk is hit by Joel Farabee and loses puck.
8:27 of 2nd period - Shot by Jesse Puljujarvi.
8:27 of 2nd period - Stopped by Jacob Markstrom without a rebound.
8:28 of 2nd period - Elias Lindholm wins face-off versus Travis Boyd in SAN JOSE BRONCOS zone.
8:28 of 2nd period - Elias Lindholm is hit by David Kampf.
8:36 of 2nd period - Shot by Ivan Barbashev.
8:36 of 2nd period - Shot Blocked by Tyler Myers.
8:38 of 2nd period - Shot by Elias Lindholm.
8:38 of 2nd period - Goal by Elias Lindholm - OAKLAND GORILLAS : 1 - SAN JOSE BRONCOS : 3.
8:39 of 2nd period - Boone Jenner wins face-off versus Brayden Point in neutral zone.
8:44 of 2nd period - Shot by Boone Jenner.
8:44 of 2nd period - Stopped by Jacob Markstrom without a rebound.
8:45 of 2nd period - Brayden Point wins face-off versus Paul Stastny in SAN JOSE BRONCOS zone.
8:45 of 2nd period - Brayden Point is hit by Jesse Puljujarvi.
9:02 of 2nd period - Jesper Bratt is hit by Martin Fehervary and loses puck.
10:01 of 2nd period - Shot by Travis Boyd.
10:01 of 2nd period - Stopped by Jacob Markstrom without a rebound.
10:02 of 2nd period - Boone Jenner wins face-off versus Elias Lindholm in SAN JOSE BRONCOS zone.
10:40 of 2nd period - Shot by Ivan Barbashev.
10:40 of 2nd period - Shot Misses the Net.
12:00 of 2nd period - Icing by Jan Rutta.
12:01 of 2nd period - Travis Boyd wins face-off versus Max Domi in SAN JOSE BRONCOS zone.
12:09 of 2nd period - David Kampf is hit by Jacob Middleton.
12:18 of 2nd period - Icing by Jacob Middleton.
12:19 of 2nd period - Max Domi wins face-off versus Joel Farabee in SAN JOSE BRONCOS zone.
12:47 of 2nd period - Shot by Joel Farabee.
12:47 of 2nd period - Shot Misses the Net.
13:17 of 2nd period - Icing by Neal Pionk.
13:18 of 2nd period - Brayden Point wins face-off versus Travis Boyd in SAN JOSE BRONCOS zone.
13:38 of 2nd period - Shot by Calle Jarnkrok.
13:38 of 2nd period - Stopped by Jacob Markstrom without a rebound.
13:39 of 2nd period - Ivan Barbashev wins face-off versus Nico Hischier in SAN JOSE BRONCOS zone.
13:39 of 2nd period - Ivan Barbashev is hit by Conor Garland.
13:48 of 2nd period - Ivan Barbashev is hit by Tyler Myers and loses puck.
14:04 of 2nd period - Minor Penalty to Zachary Werenski for Holding.
14:05 of 2nd period - Elias Lindholm wins face-off versus David Kampf in OAKLAND GORILLAS zone.
17:45 of 2nd period - Off-side.
17:46 of 2nd period - Elias Lindholm wins face-off versus Travis Boyd in neutral zone.
17:50 of 2nd period - Off-side.
17:51 of 2nd period - Elias Lindholm wins face-off versus Travis Boyd in neutral zone.
18:12 of 2nd period - Shot by Ivan Barbashev.
18:12 of 2nd period - Shot Misses the Net.
18:14 of 2nd period - Shot by Jaccob Slavin.
18:14 of 2nd period - Shot Misses the Net.
18:54 of 2nd period - Icing by Oliver Bjorkstrand.
18:55 of 2nd period - Paul Stastny wins face-off versus Oliver Bjorkstrand in SAN JOSE BRONCOS zone.
19:05 of 2nd period - Icing by Jonas Siegenthaler.
19:06 of 2nd period - Paul Stastny wins face-off versus Max Domi in OAKLAND GORILLAS zone.
19:37 of 2nd period - Shot by Jesse Puljujarvi.
19:37 of 2nd period - Shot Misses the Net.
19:39 of 2nd period - Shot by Jesse Puljujarvi.
19:39 of 2nd period - Shot Misses the Net.
19:41 of 2nd period - Shot by Hampus Lindholm.
19:41 of 2nd period - Stopped by Jacob Markstrom without a rebound.
19:42 of 2nd period - Conor Garland wins face-off versus Brayden Point in SAN JOSE BRONCOS zone.
19:54 of 2nd period - Conor Garland is hit by Jacob Middleton and loses puck.
Goals for this period are 0 for OAKLAND GORILLAS vs 3 for SAN JOSE BRONCOS.
Shots for this period are 5 for OAKLAND GORILLAS vs 4 for SAN JOSE BRONCOS.

3rd period


0:01 of 3rd period - Elias Lindholm wins face-off versus Travis Boyd in neutral zone.
0:28 of 3rd period - Shot by Cole Caufield.
0:28 of 3rd period - Stopped by Alexandar Georgiev without a rebound.
0:29 of 3rd period - Paul Stastny wins face-off versus Oliver Bjorkstrand in OAKLAND GORILLAS zone.
0:58 of 3rd period - Shot by Joel Farabee.
0:58 of 3rd period - Shot Misses the Net.
1:03 of 3rd period - Minor Penalty to Joel Farabee for Tripping.
1:04 of 3rd period - Elias Lindholm wins face-off versus Jesse Puljujarvi in OAKLAND GORILLAS zone.
1:57 of 3rd period - Icing by Jesper Bratt.
1:58 of 3rd period - David Kampf wins face-off versus Brayden Point in SAN JOSE BRONCOS zone.
1:58 of 3rd period - Jesse Puljujarvi is hit by Neal Pionk and loses puck.
2:38 of 3rd period - Shot by Brayden Point.
2:38 of 3rd period - Shot Misses the Net.
3:21 of 3rd period - Icing by Cameron York.
3:22 of 3rd period - Elias Lindholm wins face-off versus Boone Jenner in OAKLAND GORILLAS zone.
3:47 of 3rd period - Shot by Ivan Barbashev.
3:47 of 3rd period - Stopped by Alexandar Georgiev without a rebound.
3:48 of 3rd period - Nico Hischier wins face-off versus Pierre-Edouard Bellemare in OAKLAND GORILLAS zone.
3:54 of 3rd period - Nico Hischier is hit by Jan Rutta and loses puck.
4:14 of 3rd period - Double Minor Penalty to Jacob Middleton for High sticking.
4:15 of 3rd period - Paul Stastny wins face-off versus Oliver Bjorkstrand in SAN JOSE BRONCOS zone.
4:20 of 3rd period - Shot by Brock Boeser.
4:20 of 3rd period - Shot Blocked by Adam Pelech.
4:22 of 3rd period - Shot by Paul Stastny.
4:22 of 3rd period - Shot Misses the Net.
4:24 of 3rd period - Shot by Tyler Myers.
4:24 of 3rd period - Shot Blocked by Jaccob Slavin.
4:26 of 3rd period - Shot by Paul Stastny.
4:26 of 3rd period - Deflect By Brock Boeser.
4:26 of 3rd period - Stopped by Jacob Markstrom without a rebound.
4:27 of 3rd period - Nico Hischier wins face-off versus Oliver Bjorkstrand in SAN JOSE BRONCOS zone.
5:08 of 3rd period - Boone Jenner is hit by Jan Rutta and loses puck.
5:11 of 3rd period - Shot by Hampus Lindholm.
5:11 of 3rd period - Stopped by Jacob Markstrom without a rebound.
5:12 of 3rd period - Pierre-Edouard Bellemare wins face-off versus Joel Farabee in SAN JOSE BRONCOS zone.
5:37 of 3rd period - Shot by Brock Boeser.
5:37 of 3rd period - Shot Misses the Net.
6:12 of 3rd period - Off-side.
6:13 of 3rd period - Nico Hischier wins face-off versus Oliver Bjorkstrand in neutral zone.
6:29 of 3rd period - Shot by Nico Hischier.
6:29 of 3rd period - Stopped by Jacob Markstrom without a rebound.
6:30 of 3rd period - Nico Hischier wins face-off versus Oliver Bjorkstrand in SAN JOSE BRONCOS zone.
6:30 of 3rd period - Conor Garland is hit by Jaccob Slavin and loses puck.
6:52 of 3rd period - Icing by Boone Jenner.
6:53 of 3rd period - Oliver Bjorkstrand wins face-off versus Nico Hischier in OAKLAND GORILLAS zone.
7:51 of 3rd period - Shot by Brock Boeser.
7:51 of 3rd period - Stopped by Jacob Markstrom with a rebound.
7:53 of 3rd period - Shot by Brock Boeser.
7:53 of 3rd period - Goal by Brock Boeser - OAKLAND GORILLAS : 2 - SAN JOSE BRONCOS : 3.
7:54 of 3rd period - Travis Boyd wins face-off versus Elias Lindholm in neutral zone.
8:10 of 3rd period - Elias Lindholm is hit by Martin Fehervary and loses puck.
8:30 of 3rd period - Jaccob Slavin is hit by Martin Fehervary and loses puck.
8:53 of 3rd period - Shot by Jordan Martinook.
8:53 of 3rd period - Shot Blocked by Cameron York.
9:26 of 3rd period - Jesse Puljujarvi is hit by Jacob Middleton and loses puck.
9:38 of 3rd period - Icing by Paul Stastny.
9:39 of 3rd period - Paul Stastny wins face-off versus Pierre-Edouard Bellemare in OAKLAND GORILLAS zone.
9:39 of 3rd period - Paul Stastny is hit by Patrick Maroon.
9:44 of 3rd period - Off-side.
9:45 of 3rd period - Brayden Point wins face-off versus Nico Hischier in neutral zone.
9:55 of 3rd period - Icing by Hampus Lindholm.
9:56 of 3rd period - Elias Lindholm wins face-off versus Nico Hischier in OAKLAND GORILLAS zone.
10:03 of 3rd period - Shot by Brock Boeser.
10:03 of 3rd period - Stopped by Jacob Markstrom with a rebound.
10:25 of 3rd period - Jaccob Slavin is hit by Conor Garland and loses puck.
10:36 of 3rd period - Shot by Nico Hischier.
10:36 of 3rd period - Stopped by Jacob Markstrom with a rebound.
10:38 of 3rd period - Shot by Nico Hischier.
10:38 of 3rd period - Shot Misses the Net.
11:16 of 3rd period - Shot by Brayden Point.
11:16 of 3rd period - Shot Blocked by Tyler Myers.
11:18 of 3rd period - Shot by Brayden Point.
11:18 of 3rd period - Goal by Brayden Point - OAKLAND GORILLAS : 2 - SAN JOSE BRONCOS : 4.
11:19 of 3rd period - Max Domi wins face-off versus Nico Sturm in neutral zone.
11:22 of 3rd period - Shot by Jordan Martinook.
11:22 of 3rd period - Shot Misses the Net.
11:36 of 3rd period - Shot by Boone Jenner.
11:36 of 3rd period - Stopped by Jacob Markstrom with a rebound.
11:42 of 3rd period - Jacob Middleton is hit by Mason Appleton and loses puck.
12:12 of 3rd period - Icing by Jesper Bratt.
12:13 of 3rd period - Brayden Point wins face-off versus Travis Boyd in SAN JOSE BRONCOS zone.
12:30 of 3rd period - Shot by Oliver Bjorkstrand.
12:30 of 3rd period - Stopped by Alexandar Georgiev without a rebound.
12:31 of 3rd period - Cole Caufield wins face-off versus Brock Boeser in OAKLAND GORILLAS zone.
12:36 of 3rd period - Shot by Ivan Barbashev.
12:36 of 3rd period - Shot Hit the Post.
12:38 of 3rd period - Shot by Elias Lindholm.
12:38 of 3rd period - Stopped by Alexandar Georgiev without a rebound.
12:39 of 3rd period - Paul Stastny wins face-off versus Brayden Point in OAKLAND GORILLAS zone.
15:27 of 3rd period - Zachary Werenski is hit by Ivan Barbashev and loses puck.
16:11 of 3rd period - Minor Penalty to Jesper Bratt for Kneeing.
16:12 of 3rd period - Paul Stastny wins face-off versus Oliver Bjorkstrand in SAN JOSE BRONCOS zone.
16:13 of 3rd period - Shot by Zachary Werenski.
16:13 of 3rd period - Stopped by Jacob Markstrom without a rebound.
16:14 of 3rd period - Paul Stastny wins face-off versus Oliver Bjorkstrand in SAN JOSE BRONCOS zone.
17:26 of 3rd period - Icing by Nico Hischier.
17:27 of 3rd period - Pierre-Edouard Bellemare wins face-off versus Nico Hischier in OAKLAND GORILLAS zone.
17:28 of 3rd period - Shot by Jake Evans.
17:28 of 3rd period - Shot Misses the Net.
18:10 of 3rd period - Shot by Brock Boeser.
18:10 of 3rd period - Shot Misses the Net.
18:12 of 3rd period - Shot by Travis Boyd.
18:12 of 3rd period - Stopped by Jacob Markstrom without a rebound.
18:13 of 3rd period - Travis Boyd wins face-off versus Max Domi in SAN JOSE BRONCOS zone.
18:39 of 3rd period - Shot by Travis Boyd.
18:39 of 3rd period - Stopped by Jacob Markstrom without a rebound.
18:40 of 3rd period - Jake Evans wins face-off versus Paul Stastny in SAN JOSE BRONCOS zone.
19:01 of 3rd period - Shot by Joel Farabee.
19:01 of 3rd period - Shot Blocked by Jaccob Slavin.
19:50 of 3rd period - Shot by Calle Jarnkrok.
19:50 of 3rd period - Shot Misses the Net.
19:58 of 3rd period - Shot by Zachary Werenski.
19:58 of 3rd period - Shot Misses the Net.
Goals for this period are 1 for OAKLAND GORILLAS vs 1 for SAN JOSE BRONCOS.
Shots for this period are 11 for OAKLAND GORILLAS vs 5 for SAN JOSE BRONCOS.


SEBASTIAN
AHO
MARK
SCHEIFELE
JAKE
OETTINGER

EAST COAST

HOCKEY LEAGUE

  • 17.QUE3CHI2
  • 18.CHA2LIM4
  • 19.TRV3LON2
  • 20.CHW1BAL2
  • 21.PITMAN
  • 22.ATLNHW
  • 23.WORPET
  • 24.RHI